 Dungeon Crawl Stone Soup version bcrawl-1.19.2-6-g6a88ae04c9 (webtiles) character file.

Game seed: 3411675781584444716

11711 Freyura the Basher (level 11, -31/71 HPs)
             Began as a Gargoyle Fighter on Jan 5, 2020.
             Was a Believer of Ru.
             Killed by refrigeration
             ... invoked by Fannar
              (34 damage)
             ... on level 10 of the Dungeon.
             The game lasted 00:32:23 (9535 turns).

Freyura the Basher (Gargoyle Fighter)               Turns: 9535, Time: 00:32:24

Health: -31/71     AC: 27    Str: 21    XL:     11   Next: 82%
Magic:  11/11      EV: 10    Int:  8    God:    Ru [**....]
Gold:   655        SH: 13    Dex: 12    Spells: 10/10 levels left

rFire    x . .     SeeInvis .   v - +4 morningstar
rCold    x . .     Gourm    .   w - +2 shield
rNeg     + + .     Faith    .   x - +0 chain mail
rPois    ∞         Spirit   .   m - +2 helmet
rElec    +         Reflect  .   s - +2 cloak
rCorr    .         Harm     .   (no gloves)
MR       +....     Clarity  +   h - +0 pair of boots
Stlth    ..........             c - amulet of magic regeneration
HPRegen  0.21/turn              a - +1 ring of evasion
MPRegen  0.37/turn              A - ring of positive energy

@: no status effects
A: clarity, magic resistance 1, negative energy resistance 1, electricity
resistance, unbreathing, petrification resistance, rot immunity, temperature
sensitive, AC +8
a: Renounce Religion


You were on level 10 of the Dungeon.
You worshipped Ru.
Ru was pleased with you.
You were hungry.

You visited 2 branches of the dungeon, and saw 11 of its levels.

You collected 655 gold pieces.

Inventory:

Hand Weapons
 v - a +4 morningstar (weapon)
Missiles
 i - a throwing net (quivered) {!f}
Armour
 h - a +0 pair of boots (worn)
 m - a +2 helmet (worn)
 s - a +2 cloak (worn)
 w - a +2 shield (worn)
 x - a +0 chain mail (worn)
Jewellery
 a - a +1 ring of evasion (left hand)
 c - an amulet of magic regeneration (around neck)
 A - a ring of positive energy (right hand)
 F - an uncursed ring of magical power
Wands
 k - a wand of digging (4)
 q - a wand of disintegration (8)
 t - a wand of iceblast (20)
 D - a wand of paralysis (9)
Scrolls
 b - a scroll of magic mapping
 e - a scroll of immolation
 g - 2 scrolls of fear
 n - 2 scrolls of teleportation
 o - 6 scrolls of remove curse
 y - 3 scrolls of fog
 B - a scroll of identify
Potions
 d - 2 potions of curing
 j - a potion of lignification
 l - 3 potions of cancellation
 p - 2 potions of flight
 r - a potion of magic
 u - a potion of mutation
 z - a potion of resistance
 C - a potion of haste
Comestibles
 f - 22 rations {!d}


   Skills:
 + Level 9.0 Fighting
 * Level 10.9 Maces & Flails
 + Level 9.0 Armour
 + Level 6.1 Dodging
 + Level 8.9 Shields


You had 10 spell levels left.
You didn't know any spells.
Your spell library contained the following spells:

 Spells                   Type           Power        Failure   Level  Hunger
 Apportation              Tloc           #.....       100%        1    ##.....
 Corona                   Hex            #......      100%        1    ##.....
 Infusion                 Chrm           #.......     100%        1    ##.....
 Sandblast                Erth           #.....       100%        1    ##.....
 Shock                    Conj/Air       #....        100%        1    ##.....
 Slow                     Hex            #.......     100%        1    ##.....
 Summon Butterflies       Summ           #.......     100%        1    ##.....
 Ensorcelled Hibernation  Hex/Ice        #.....       100%        2    ###....
 Shackle                  Hex            #.......     100%        2    ###....
 Song of Slaying          Chrm           #.......     100%        2    ###....
 Swiftness                Chrm/Air       #.......     100%        2    ###....
 Confuse                  Hex            #.......     100%        3    ####...
 Dazzling Spray           Conj/Hex       #.....       100%        3    ####...
 False Image              Hex/Summ       #.......     100%        3    ####...
 Inner Flame              Hex/Fire       N/A          100%        3    ####...
 Ozocubu's Armour         Chrm/Ice       #.......     100%        3    ####...
 Regeneration             Chrm/Necr      #.........   100%        3    ####...
 Spectral Weapon          Hex/Chrm       #.......     100%        3    ####...
 Static Discharge         Air            #.......     100%        3    ####...
 Tukima's Dance           Hex            #.......     100%        3    ####...
 Airstrike                Air            #.........   100%        4    #####..
 Cause Fear               Hex            #.........   100%        4    #####..
 Yara's Violent Unravell  Hex/Tmut       #.........   100%        4    #####..
 Lightning Bolt           Conj/Air       #.........   100%        5    ######.


Dungeon Overview and Level Annotations

Branches:
Dungeon (10/12)            Temple (1/1) D:5            Lair (0/6) D:9
    Orc: D:8-11

Altars:
Ashenzari
Cheibriados
Dithmenos
Elyvilon
Fedhas
Gozag
Hepliaklqana
Kikubaaqudgha
Lugonu
Makhleb
Nemelex Xobeh
Okawaru
Qazlal
Ru
Sif Muna
Trog
Uskayaw
Vehumet
Wu Jian
Xom
Yredelemnul
Zin
The Shining One

Shops:
D:5 !

Annotations:
D:8 3 runed translucent doors
D:10 Fannar


Innate Abilities, Weirdness & Mutations

You are resistant to torment.
Your stone body is resilient. (AC +8)
You are immune to poison.
You resist negative energy. (rN+)
You are resistant to electric shocks. (rElec)
You can survive without breathing.
You are immune to petrification.
You are immune to rotting.
You are sensitive to extremes of temperature. (rF-, rC-)
You possess an exceptional clarity of mind.
You are resistant to hostile enchantments. (MR+)


Message History

Fannar blinks!
You impale the ice beast!!
The ice beast is almost dead.
You are engulfed in freezing vapours.
* * * LOW HITPOINT WARNING * * *
Fannar is engulfed in freezing vapours.
Fannar mumbles some strange words.
You block the ice beast's attack.
You puncture the ice beast!
You kill the ice beast!
You are engulfed in freezing vapours.
* * * LOW HITPOINT WARNING * * *
Fannar is engulfed in freezing vapours.
You hit Fannar.
Fannar is almost dead.
You are engulfed in freezing vapours.
Fannar is engulfed in freezing vapours.
Fannar mumbles some strange words.
Fannar drains the heat from the surrounding environment!
You feel a terrible chill!
You feel very cold.
You die...

... $.
...#.#
....# ....#
...# #..#
#.######..#
#.Y○e@○☼°.#
+..######.#
# #.# #>#
#.# #.# #.#
#.# #(#


You could see Fannar and an ice beast.

Vanquished Creatures
  A hydra (D:8)
  The ghost of yrara the Chopper, a novice GrFi of Gozag (D:6)
  An ugly thing (D:9)
  Maurice (D:8)
  2 centaur skeletons
  3 trolls
  A meliai (D:8)
  3 hippogriffs
  A meliai zombie (D:7)
  15 yaks
  A wyvern (D:8)
  3 hogs (D:8)
  A human (D:8)
  A hungry ghost (D:7)
  7 porcupines (D:9)
  An orc warrior (D:9)
  Duvessa (D:5)
  3 ice beasts
  2 sky beasts
  A phantom (D:7)
  A black bear (D:6)
  2 ogres
  7 centaurs
  5 bullfrogs
  A big kobold (D:9)
  Blork the orc (D:6)
  A gnoll sergeant (D:9)
  Dowan (D:5)
  6 scorpions
  A howler monkey (D:4)
  A jelly (D:4)
  5 crimson imps
  A bullfrog zombie (D:5)
  A hound (D:6)
  7 orc priests
  Crazy Yiuf (D:3)
  4 bullfrog skeletons
  12 orc wizards
  4 iguanas
  9 worker ants
  A killer bee zombie (D:8)
  A hound skeleton (D:3)
  A worker ant zombie (D:8)
  Robin (D:2)
  5 gnolls (D:9)
  9 adders
  2 shadow imps
  7 oozes
  An adder skeleton (D:5)
  2 adder zombies
  4 worms
  2 dart slugs
  3 leopard geckos
  32 orcs
  4 bats (D:1)
  6 giant cockroaches
  16 goblins
  5 hobgoblins
  9 jackals
  10 kobolds
  A quokka (D:1)
  A ball python (D:4)
  3 frilled lizards
  7 rats
254 creatures vanquished.

Vanquished Creatures (others)
  An orc wizard (D:5)
  41 fungi (D:9)
  5 plants (D:9)
47 creatures vanquished.

Grand Total: 301 creatures vanquished

Notes
Turn   | Place    | Note
-------+----------+-------------------------------------------
     0 | D:1      | Freyura the Gargoyle Fighter began the quest for the Orb.
     0 | D:1      | Reached XP level 1. HP: 14/14 MP: 1/1
     1 | D:1      | Found a runed door.
   350 | D:1      | Reached XP level 2. HP: 19/19 MP: 2/2
   864 | D:1      | Reached XP level 3. HP: 23/23 MP: 3/3
   909 | D:1      | Reached XP level 4. HP: 9/28 MP: 4/4
  1122 | D:2      | Reached skill level 3 in Maces & Flails
  1132 | D:2      | Noticed Robin
  1155 | D:2      | Killed Robin
  1155 | D:2      | Reached skill level 1 in Dodging
  1404 | D:2      | Found an ornate altar of the Wu Jian Council.
  1524 | D:2      | Found a glowing silver altar of Zin.
  1861 | D:3      | Reached XP level 5. HP: 33/33 MP: 5/5
  1932 | D:3      | Found an opulent altar of Gozag.
  2327 | D:3      | Found a runed door.
  2331 | D:3      | Noticed Crazy Yiuf
  2337 | D:3      | Killed Crazy Yiuf
  2423 | D:4      | Reached XP level 6. HP: 32/38 MP: 6/6
  2425 | D:4      | Reached skill level 4 in Maces & Flails
  2705 | D:4      | Reached XP level 7. HP: 40/44 MP: 7/7
  2815 | D:4      | Found a blossoming altar of Fedhas.
  3168 | D:4      | Found a burning altar of Makhleb.
  3272 | D:5      | Entered Level 5 of the Dungeon
  3338 | D:5      | Reached skill level 5 in Maces & Flails
  3474 | D:5      | Reached skill level 5 in Armour
  3563 | D:5      | Reached skill level 5 in Fighting
  3563 | D:5      | Reached skill level 5 in Shields
  3574 | D:5      | Noticed Duvessa
  3599 | D:5      | Noticed Dowan
  3611 | D:5      | Killed Duvessa
  3611 | D:5      | Reached XP level 8. HP: 39/49 MP: 8/8
  3651 | D:5      | Killed Dowan
  3718 | D:5      | Found Nituazof's Distillery.
  3761 | D:5      | Found an ancient bone altar of Kikubaaqudgha.
  4122 | D:5      | Reached skill level 6 in Maces & Flails
  4166 | D:5      | Found a staircase to the Ecumenical Temple.
  4185 | Temple   | Entered the Ecumenical Temple
  4402 | D:6      | Noticed a yak
  4403 | D:6      | Noticed a yak
  4404 | D:6      | Noticed a yak
  4404 | D:6      | Noticed a yak
  4405 | D:6      | Noticed a yak
  4415 | D:6      | Found a runed translucent door.
  4432 | D:6      | Killed a yak
  4433 | D:6      | Killed a yak
  4438 | D:6      | Killed a yak
  4445 | D:6      | Killed a yak
  4445 | D:6      | Reached XP level 9. HP: 7/55 MP: 9/9
  4451 | D:6      | Reached skill level 7 in Maces & Flails
  5102 | D:6      | Found a stormy altar of Qazlal.
  5131 | D:6      | Noticed Blork the orc
  5142 | D:6      | Killed Blork the orc
  5340 | D:6      | Noticed yrara's ghost (novice GrFi)
  5472 | D:6      | Killed yrara's ghost
  5472 | D:6      | Reached skill level 8 in Maces & Flails
  5693 | D:6      | Reached XP level 10. HP: 22/63 MP: 10/10
  6236 | D:7      | Gained mutation: You are resistant to hostile enchantments.
                  | (MR+) [potion of mutation]
  6236 | D:7      | Gained mutation: You possess an exceptional clarity of
                  | mind. [potion of mutation]
  6263 | D:7      | Found a corrupted altar of Lugonu.
  6363 | D:7      | Found a white marble altar of Elyvilon.
  6821 | D:8      | Reached skill level 9 in Maces & Flails
  6935 | D:8      | Found a sacrificial altar of Ru.
  6943 | D:8      | Became a worshipper of Ru the Awakened
  6973 | D:8      | Noticed Maurice
  7020 | D:8      | Killed Maurice
  7020 | D:8      | Reached skill level 5 in Dodging
  7179 | D:8      | Found a sparkling altar of Nemelex Xobeh.
  7220 | D:8      | Reached XP level 11. HP: 52/68 MP: 11/11
  7532 | D:8      | Found a shimmering blue altar of Sif Muna.
  7533 | D:8      | Reached skill level 10 in Maces & Flails
  7561 | D:8      | Found a runed translucent gate.
  7561 | D:8      | Found a runed translucent gate.
  7561 | D:8      | Found a runed translucent gate.
  7562 | D:8      | Noticed a cyan ugly thing
  7562 | D:8      | Noticed a purple ugly thing
  7562 | D:8      | Noticed a brown ugly thing
  7564 | D:8      | Noticed a red ugly thing
  7565 | D:8      | Noticed a white ugly thing
  7566 | D:8      | Noticed a purple ugly thing
  7692 | D:8      | Found a basalt altar of Yredelemnul.
  7854 | D:9      | Noticed a seven-headed hydra
  7881 | D:8      | Killed a seven-headed hydra
  7882 | D:8      | HP: 2/69 [yak (5)]
  8191 | D:9      | Gained mutation: You are sensitive to extremes of
                  | temperature. (rF-, rC-) [Ru sacrifice]
  8191 | D:9      | Reached * piety under Ru
  8191 | D:9      | Reached ** piety under Ru
  8274 | D:9      | Noticed a brown ugly thing
  8293 | D:9      | Killed a brown ugly thing
  8640 | D:9      | Found a staircase to the Lair.
  8724 | D:9      | Found an iron altar of Okawaru.
  8869 | D:9      | Found a hide-covered altar of Uskayaw.
  9167 | D:9      | Found a shattered altar of Ashenzari.
  9407 | D:9      | Found a blossoming altar of Fedhas.
  9490 | D:10     | Entered Level 10 of the Dungeon
  9506 | D:10     | Noticed Fannar
  9534 | D:10     | HP: 3/71 [Fannar] (4)]
  9535 | D:10     | Killed from afar by Fannar

Skill      XL: |  1  2  3  4  5  6  7  8  9 10 11 |
---------------+----------------------------------+-----
Maces & Flails | 3 4 5 6 8 9 10 | 10.9
Dodging        | 1 2 3 4 5 6 |  6.1
Fighting       | 4 5 6 7 8 9 |  9.0
Armour         | 4 5 6 7 8 9 |  9.0
Shields        | 4 5 6 8 |  8.9

Action                   |  1- 3 |  4- 6 |  7- 9 | 10-12 || total
-------------------------+-------+-------+-------+-------++-------
Melee: Flail             |   111 |   180 |   126 |       ||   417
       Morningstar       |       |       |   197 |   542 ||   739
Invok: Sacrifice Resista |       |       |       |     1 ||     1
  Use: Scroll            |       |     5 |    14 |     9 ||    28
       Potion            |       |     1 |       |     3 ||     4
  Eat: Chunk             |       |     6 |     6 |    13 ||    25
       Ration            |       |       |     1 |     1 ||     2
Armor: Scale mail        |    78 |    97 |    62 |       ||   237
       Chain mail        |       |       |   119 |   287 ||   406
Dodge: Dodged            |    58 |    84 |    76 |   184 ||   402
Block: Shield            |    70 |   126 |   194 |   403 ||   793
